 Dungeon Crawl Stone Soup version 0.13-a0-1590-g33f0eee (webtiles) character file.

250 Kae the Cudgeler (level 4, 0/40 HPs)
             Began as a Minotaur Berserker on June 14, 2013.
             Was a Priest of Trog.
             Killed from afar by Ijyb (20 damage)
             ... with a wand of fire
             ... on Level 4 of the Dungeon.
             The game lasted 00:02:33 (1808 turns).

Kae the Cudgeler (Minotaur Berserker)               Turns: 1808, Time: 00:02:33

HP   0/40        AC  2     Str 21      XL: 4   Next: 57%
MP   1/1         EV 12     Int  4      God: Trog [***...]
Gold 143         SH  0     Dex 11      Spells:  0 memorised,  3 levels left

Res.Fire  : . . .   See Invis. : .   a - +0 mace
Res.Cold  : . . .   Warding    : .   b - +0 animal skin (curse)
Life Prot.: . . .   Conserve   : .   (no shield)
Res.Poison: .       Res.Corr.  : .   (helmet restricted)
Res.Elec. : .       Clarity    : .   (no cloak)
Sust.Abil.: . .     Spirit.Shd : .   (no gloves)
Res.Mut.  : .       Stasis     : .   (no boots)
Res.Rott. : .       Flight     : .   (no amulet)
Saprovore : . . .                    (no ring)
                                     (no ring)

@: slightly resistant to hostile enchantments, unstealthy
A: retaliatory headbutt, horns 2
a: Burn Spellbooks, Berserk, Trog's Hand, Renounce Religion


You were on level 4 of the Dungeon.
You worshipped Trog.
Trog was greatly pleased with you.
You were hungry.

You visited 1 branch of the dungeon, and saw 4 of its levels.

You collected 123 gold pieces.

Inventory:

Hand weapons
 a - a +0,+0 mace (weapon)
Armour
 b - a cursed +0 animal skin (worn)
Magical devices
 p - a wand of polymorph (13) {unknown}
Comestibles
 c - 3 bread rations
 f - a meat ration
 u - a chunk of jackal flesh
Scrolls
 g - a scroll of identify
 h - a scroll of remove curse {unknown}
Jewellery
 j - an uncursed amulet of warding {unknown}
 k - an uncursed ring of protection from cold {unknown}
Potions
 e - 4 potions of curing {unknown}
 n - 2 potions of magic {unknown}
 o - 2 potions of berserk rage {unknown}
 r - a potion of heal wounds
 s - 2 potions of restore abilities {unknown}


   Skills:
 + Level 4.2 Fighting
 * Level 5.0 Maces & Flails
 + Level 3.5 Armour
 + Level 2.9 Dodging


You had 3 spell levels left.
You didn't know any spells.

Dungeon Overview and Level Annotations

Branches:
Dungeon (4/27)
 Temple: D:4-7

Altars:

Annotations
D:4 Ijyb


Innate Abilities, Weirdness & Mutations

You reflexively headbutt those who attack you in melee.
You have a pair of horns on your head.


Message History

Where to? (Enter - D:4, ? - help)
You climb downwards.
There is a stone staircase leading up here.
You offer a prayer to Trog.
Trog is greatly pleased with you.
You swap places.
Ijyb comes into view.
He is wielding an orcish club.
You swap places.
Ijyb shouts!
Ijyb hits your butterfly with an orcish club.
Ijyb zaps a wand.
The bolt of fire hits your butterfly.
Your butterfly dies!
The bolt of fire hits you!
One of your 2 scrolls of identify catches fire!
Ouch! That really hurt!
The bolt of fire hits your butterfly.
Your butterfly dies!
Ijyb zaps a wand.
The bolt of fire hits you!
Ouch! That really hurt!
You die...

#.# #.#
#.# #.#
...
##.##
g..#
###..#
#b.@.#
#<.b.#
#.##...#
#......#
#####..#
...#
##.##
... ###


You could see Ijyb.

Vanquished Creatures
  Jessica (D:3)
  An adder (D:2)
  A giant mite (D:2)
  2 worms
  2 giant geckos (D:2)
  An ooze (D:1)
  An orc (D:3)
  9 hobgoblins
  3 jackals (D:3)
  A ball python (D:2)
  9 bats
  4 giant newts
  9 goblins
  8 kobolds
  10 rats
62 creatures vanquished.

Vanquished Creatures (others)
  2 butterflies (D:4)
2 creatures vanquished.

Grand Total: 64 creatures vanquished

Notes
Turn   | Place    | Note
--------------------------------------------------------------
     0 | D:1      | Kae, the Minotaur Berserker, began the quest for the Orb.
     0 | D:1      | Reached XP level 1. HP: 19/19 MP: 0/0
   362 | D:1      | Reached XP level 2. HP: 21/26 MP: 0/0
   609 | D:2      | Acquired Trog's second power
   766 | D:2      | Reached skill level 4 in Fighting
   766 | D:2      | Reached XP level 3. HP: 22/33 MP: 1/1
  1199 | D:3      | Noticed Jessica
  1202 | D:3      | Killed Jessica
  1202 | D:3      | Reached XP level 4. HP: 18/40 MP: 1/1
  1696 | D:3      | Reached skill level 5 in Maces & Flails
  1805 | D:4      | Noticed Ijyb
  1808 | D:4      | Killed from afar by Ijyb

Action                   |  1- 3 |  4- 6 || total
-------------------------+-------+-------++-------
Melee: Mace              |    86 |    36 ||   122
  Use: Scroll            |       |     7 ||     7
